 Dungeon Crawl Stone Soup version 0.26-a0-52-gd53d4cd (webtiles) character file.

Game seed: 10636555296703651201

5 thirtiethelement the Skirmisher (level 1, -11/23 HPs)
             Began as a Gnoll Abyssal Knight on June 5, 2020.
             Was a Follower of Lugonu.
             Mangled by a small abomination (18 damage)
             ... on level 1 of the Abyss.
             The game lasted 00:00:30 (72 turns).

thirtiethelement the Skirmisher (GnAK)                Turns: 72, Time: 00:00:30

Health: -11/23     AC:  3    Str: 14    XL:     1   Next: 80%
Magic:  3/3        EV: 12    Int: 14    God:    Lugonu [*.....]
Gold:   24         SH:  0    Dex: 14    Spells: 0/0 levels left

rFire    . . .     SeeInvis .   a - +1 hand axe
rCold    . . .     Gourm    .   (no shield)
rNeg     . . .     Faith    .   b - +0 leather armour
rPois    .         Spirit   .   (no helmet)
rElec    .         Reflect  .   (no cloak)
rCorr    .         Harm     .   (no gloves)
MR       .....                  (no boots)
Stlth    +.........             (no amulet)
HPRegen  0.07/turn              (no ring)
MPRegen  0.08/turn              (no ring)

@: no status effects
A: distributed training, fangs 1, strong nose
a: Depart the Abyss, Renounce Religion


You were on level 1 of the Abyss.
You worshipped Lugonu.
Lugonu was aware of your devotion.
You were not hungry.

You visited 0 branches of the dungeon, and saw 0 of its levels.
You visited the Abyss 1 time.

You collected 24 gold pieces.

Inventory:

Hand Weapons
 a - a +1 hand axe (weapon)
Armour
 b - a +0 leather armour (worn)
Comestibles
 c - 2 rations


   Skills:
 + Level 6.4 Fighting
 + Level 0.1 Short Blades
 + Level 0.1 Long Blades
 + Level 4.4 Axes
 + Level 0.1 Maces & Flails
 + Level 0.1 Polearms
 + Level 0.1 Staves
 + Level 0.1 Slings
 + Level 0.1 Bows
 + Level 0.1 Crossbows
 + Level 0.1 Throwing
 + Level 4.4 Armour
 + Level 2.4 Dodging
 + Level 0.1 Stealth
 + Level 0.1 Shields
 + Level 0.1 Unarmed Combat
 + Level 0.1 Spellcasting
 + Level 0.1 Conjurations
 + Level 0.1 Hexes
 + Level 0.1 Charms
 + Level 0.1 Summonings
 + Level 0.1 Necromancy
 + Level 0.1 Translocations
 + Level 0.1 Transmutations
 + Level 0.1 Fire Magic
 + Level 0.1 Ice Magic
 + Level 0.1 Air Magic
 + Level 0.1 Earth Magic
 + Level 0.1 Poison Magic
 + Level 4.4 Invocations
 + Level 0.1 Evocations


You couldn't memorise any spells.
You didn't know any spells.
Your spell library was empty.

Dungeon Overview and Level Annotations

Branches:
Dungeon (0/15)

Altars:


Innate Abilities, Weirdness & Mutations

Your experience applies equally to all skills.
You have very sharp teeth.
Your uncanny sense of smell can sniff out nearby items.


Message History

You slash the ufetubus!
You kill the ufetubus!
c - 2 rations (gained 1)
You now have 24 gold pieces (gained 8).
Found a ring mail.
A small abomination comes into view.
The small abomination hits you.
* * * LOW HITPOINT WARNING * * *
Found 17 gold pieces, a tubular bronze ring and a fustibalus.
A small abomination comes into view.
Found 19 gold pieces.
A ynoxinul comes into view.
The ynoxinul bellows!
The small abomination hits you but does no damage.
The small abomination closely misses you.
Found 7 gold pieces.
The ynoxinul gestures.
The small abomination hits you!!
Ouch! That really hurt!
You die...

. ####.... .. # . . # ≈
. ...# #. ≈≈ #.. . .##
.# #. .. ## #.#### §.
#..#..# ##.#..##.# . #..
. #.x.x#..# ...######
##..##@# .# ).$3.
#..#.#.....§#
..#=.≈..#35##..#...$#..
#..#$# .#.5..#..#.......
####...#..#.#.#..####...
...#..#.#.#..###.# ..
.## ..#...## .. #
.#.##.#####... #. #...#
#..#.#


You could see 2 small abominations.

Vanquished Creatures
  An ufetubus (Abyss:1)
1 creature vanquished.

Notes
Turn   | Place    | Note
-------+----------+-------------------------------------------
     0 | Abyss:1  | thirtiethelement the Gnoll Abyssal Knight began the quest
                  | for the Orb.
     0 | Abyss:1  | Reached XP level 1. HP: 23/23 MP: 3/3
    62 | Abyss:1  | Noticed a small abomination
    63 | Abyss:1  | Noticed a small abomination
    64 | Abyss:1  | Noticed a ynoxinul
    72 | Abyss:1  | Mangled by a small abomination

Illustrated notes

Levels and vault maps discovered:
Abyss:1

Action                   || total
-------------------------++-------
Melee: Hand axe          ||    10
Armor: Leather armour    ||     6
Dodge: Dodged            ||    20

Table legend:
 A = Non-vault XP
 B = Vault XP
 C = Vault XP percentage of total XP
 D = Non-vault monster count
 E = Vault monster count
 F = Vault count percentage of total count
                 A         B        C        D         E       F
            +---------+---------+-------+---------+---------+-------
      Total |       0 |       8 | 100.0 |       0 |       1 | 100.0
            +---------+---------+-------+---------+---------+-------
    Abyss:1 |       0 |       8 | 100.0 |       0 |       1 | 100.0
            +---------+---------+-------+---------+---------+-------
